Map: Catalyst LE

Players

Morsay

  • Race: Zerg Zerg
  • League: Diamond
  • Spawn Location: 11:00

HEMORRHOIDS - Winner!

  • Race: Protoss Protoss
  • League: Diamond
  • Spawn Location: 5:00

VOD

Have the link to the VOD?

Description

Time

  • Played on: Dec. 16, 2017, 1:01 p.m.
  • Length: 13:25
Show
View Real Time Build Order
Export as new Build Order

Morsay Zerg 

Build Orders: Pool First, Ravager All-In 

Get SALT Encoding   

  12  0:01  Drone  
  13  0:10  Drone  
  14  0:28  Spawning Pool  
  14  0:30  Drone  
  14  0:37  Extractor, Drone  
  14  0:44  Overlord  
  14  0:57  Extractor, Drone  
  14  1:02  Drone  
  14  1:03  Drone  
  16  1:17  Roach Warren  
  15  1:25  Queen  
  17  1:35  Overlord  
  17  1:57  Roach x3  
  23  2:08  Roach  
  25  2:18  Ravager x2  
  25  2:22  Overlord  
  27  2:31  Roach  
  27  2:34  Ravager  
  30  2:42  Roach  
  32  2:46  Drone  
  32  2:50  Ravager  
  34  2:56  Drone  
  35  3:11  Roach  
  37  3:22  Spine Crawler  
  37  3:24  Spore Crawler  
  35  3:48  Spine Crawler  
  35  3:49  Spine Crawler  
  35  3:53  Drone  
  34  4:03  Ravager x2  
  34  4:04  Ravager  
  37  4:23  Overlord  
  37  4:46  Drone x4  
  41  5:13  Roach x2  
  45  5:15  Overlord  
  47  5:42  Lair  
  45  5:47  Spore Crawler  
  44  6:05  Drone x3  
  39  6:24  Spore Crawler  
  24  6:28  Drone  
  24  6:29  Drone x2  
  24  6:31  Overlord  
  24  6:41  Hydralisk Den  
  24  6:45  Spore Crawler  
  22  7:09  Hydralisk x4  
  30  7:15  Hydralisk  
  32  7:34  Queen  
  32  7:52  Zergling x10  
  32  7:53  Zergling x2  
  38  8:06  Hydralisk Den  
  29  8:26  Spore Crawler  
  28  8:27  Drone x2  
  28  8:33  Spore Crawler  
  27  8:37  Spore Crawler  
  25  8:50  Hydralisk  
  26  9:15  Hydralisk x3  
  29  9:22  Drone  
  29  9:34  Drone  
  23  10:15  Hydralisk x4  
  29  10:23  Hydralisk  
  31  11:03  Hatchery  
  30  11:40  Hydralisk Den  
  30  11:42  Extractor  
  30  11:43  Extractor, Overlord  
  30  11:44  Overlord  
  25  12:12  Hydralisk x3  
  29  12:26  Hydralisk  
  21  12:40  Hydralisk  
Show
View Real Time Build Order
Export as new Build Order

HEMORRHOIDS Protoss - Winner!

Build Orders:  

Get SALT Encoding   

  12  0:00  Probe  
  13  0:12  Probe  
  14  0:22  Pylon  
  14  0:25  Probe  
  15  0:40  Probe  
  16  0:45  Forge  
  16  0:52  Probe  
  17  1:04  Probe  
  18  1:16  Probe  
  19  1:25  Gateway, Photon Cannon  
  19  1:28  Probe (Chrono Boost), Pylon  
  21  1:40  Probe (Chrono Boost)  
  21  1:42  Assimilator  
  21  1:43  Probe  
  21  1:46  Assimilator  
  22  2:04  Probe  
  23  2:16  Probe  
  23  2:17  Pylon  
  24  2:24  Nexus  
  24  2:28  Probe  
  25  2:33  Pylon  
  25  2:41  Photon Cannon  
  25  2:53  Cybernetics Core  
  25  3:01  Assimilator  
  25  3:06  Assimilator  
  25  3:16  Pylon  
  25  3:17  Pylon  
  25  3:22  Pylon  
  23  3:42  Stargate  
  23  3:45  Stargate  
  23  3:52  Pylon  
  23  3:58  Photon Cannon  
  23  4:05  Pylon  
  23  4:12  Probe (Chrono Boost)  
  24  4:21  Pylon  
  24  4:33  Void Ray (Chrono Boost)  
  28  4:52  Void Ray  
  31  5:10  Void Ray  
  33  5:34  Void Ray  
  37  5:52  Pylon  
  37  6:14  Void Ray  
  41  6:27  Pylon  
  41  6:32  Pylon  
  41  6:45  Void Ray  
  41  6:46  Forge  
  41  7:44  Oracle x2  
  47  7:51  Photon Cannon  
  47  7:53  Photon Cannon  
  47  7:55  Shield Battery  
  47  8:27  Oracle x2  
  53  8:39  Photon Cannon  
  55  9:26  Oracle x2  
  55  10:24  Pylon  
  55  10:26  Pylon  
  55  10:28  Pylon  
  55  10:42  Probe  
  62  10:48  Oracle x2 (Chrono Boost)  
  62  11:01  Pylon  
  68  11:20  Oracle x2  
  67  11:39  Gateway  
  67  11:40  Gateway  
  67  11:45  Gateway  
  66  11:47  Gateway  
  72  12:03  Oracle x2  
  70  12:14  Probe  
  70  12:26  Probe  
Tags
 
Add a new tag
Caveats
  • Supply blocks, unpowered buildings, or Contaminate may cause inaccurate times.
  • Supply counts are checked every 10 seconds.